 Dungeon Crawl Stone Soup version 0.21.1-1-g345015fe64 (webtiles) character file.

3103 Gargoyl the Schismatic (level 9, 0/77 HPs)
             Began as a Centaur Abyssal Knight on June 15, 2018.
             Was an Elder of Lugonu.
             Killed from afar by an orc wizard (1 damage)
             ... with a magic dart
             ... on level 7 of the Dungeon.
             The game lasted 00:13:37 (9402 turns).

Gargoyl the Schismatic (Centaur Abyssal Knight)     Turns: 9402, Time: 00:13:40

Health: 0/77       AC: 12    Str: 16    XL:     9   Next: 59%
Magic:  14/14      EV:  2    Int: 11    God:    Lugonu [****..]
Gold:   260        SH:  0    Dex: 11    Spells: 8/8 levels left

rFire    + . .     SeeInvis .   a - +1 hand axe (flame)
rCold    + . .     Gourm    .   g - +0 shield
rNeg     + . .     Faith    .   z - +0 plate armour
rPois    .         Spirit   .   q - +0 helmet
rElec    .         Reflect  .   l - scarf {rC+ rF+}
rCorr    +         Harm     .   (no gloves)
MR       .....                  (no barding)
Stlth    ..........             (no amulet)
HPRegen  0.22/turn              i - ring of positive energy
MPRegen  0.14/turn              x - ring of resist corrosion

@: confused, lethally poisoned (0 -> -52), very quick
A: large, hooves 3, deformed body, speed 2, tough skin 3
a: Depart the Abyss, Bend Space, Banish, Corrupt, Renounce Religion


You were on level 7 of the Dungeon.
You worshipped Lugonu.
Lugonu was greatly pleased with you.
You were very hungry.

You visited 1 branch of the dungeon, and saw 7 of its levels.
You visited the Abyss 1 time.

You collected 260 gold pieces.

Inventory:

Hand Weapons
 a - a +1 hand axe of flaming (weapon)
Missiles
 v - 6 javelins (quivered)
Armour
 g - a +0 shield (worn)
 l - a scarf of resistance (worn)
 q - a +0 helmet (worn)
 z - a +0 plate armour (worn)
Jewellery
 i - a ring of positive energy (left hand)
 x - a ring of resist corrosion (right hand)
Wands
 u - a wand of polymorph (16)
 y - a wand of disintegration (15)
Scrolls
 f - 2 scrolls of identify
 h - 4 scrolls of teleportation
 p - 3 scrolls of fear
 s - 3 scrolls of remove curse
Potions
 b - 3 potions of flight
 d - 3 potions of agility
 j - 2 potions of heal wounds
 k - a potion of might
 m - 5 potions of curing
 o - a potion of cancellation {unknown}
 r - a potion of brilliance {unknown}
 t - 2 potions of ambrosia
 w - a potion of haste {unknown}
Books
 n - a book of Changes

   Spells                             Type                      Level
   a - Beastly Appendage              Transmutation                1
   b - Sticks to Snakes               Transmutation                2
   c - Spider Form                    Transmutation/Poison         3
   d - Ice Form                       Ice/Transmutation            4
   e - Blade Hands                    Transmutation                5
Comestibles
 c - 12 rations


   Skills:
 + Level 6.3 Fighting
 + Level 5.6 Axes
 + Level 4.0 Throwing
 * Level 6.4 Armour
 + Level 3.3 Dodging
 + Level 3.8 Shields
 * Level 7.6 Invocations
 + Level 3.3 Evocations


You had 8 spell levels left.
You didn't know any spells.

Dungeon Overview and Level Annotations

Branches:
Dungeon (7/15)             Temple (0/1) D:5

Altars:
Ashenzari
Fedhas
Makhleb
Nemelex Xobeh
Okawaru
Sif Muna
Uskayaw
Wu Jian
The Shining One

Shops:
D:4 (   D:6 *[(


Innate Abilities, Weirdness & Mutations

You have hooves in place of feet.
Armour fits poorly on your strangely shaped body.
You cover ground very quickly.
You have extremely tough skin. (AC +3)


Message History

You feel very sick.
You hear some strange, mumbled words.
You are confused.
You're too confused to move!
* * * LOW HITPOINT WARNING * * *
You feel very sick. Something hits you but does no damage.
You are more poisoned.
You barely miss something. Your kick misses something.
* * * LOW HITPOINT WARNING * * *
You feel very sick. Something hits you but does no damage.
You are more poisoned.
You're too confused to move!
* * * LOW HITPOINT WARNING * * *
You feel very sick.
You hear some strange, mumbled words.
A magic dart appears from out of thin air!
The magic dart hits you!
You die...

#.# #...............# #.#
#...............#.#
..###.....#..###.......
...............†..#
.####.............#
......)<..†.......# # .
..................#.#....
..............##{........
..............##@##.#....
.##.#............?.......
.#.....................?
.#..##..##...............
....##..##...............
.##.##.........#.#.......
..................$.....
...............#.#......
............... .# ...#


There were no monsters in sight!

Vanquished Creatures
  3 hippogriffs
  Purgy (D:3)
  A phantom (D:7)
  3 ogres
  3 bullfrogs
  2 scorpions (D:6)
  3 howler monkeys
  A crimson imp (D:5)
  2 hounds
  An orc priest (D:4)
  5 orc wizards
  Terence (D:3)
  5 worker ants
  A killer bee zombie (D:7)
  Robin (D:2)
  A howler monkey skeleton (D:3)
  6 gnolls
  17 adders
  An adder zombie (D:7)
  3 oozes
  3 adder skeletons (D:4)
  3 worms
  8 dart slugs
  5 leopard geckos
  21 orcs
  12 bats
  4 giant cockroaches
  19 goblins
  11 hobgoblins
  8 jackals
  4 quokkas
  10 frilled lizards
  5 kobolds
  2 leopard gecko skeletons (D:4)
  A quokka skeleton (D:4)
  2 quokka zombies
  4 rats
183 creatures vanquished.

Vanquished Creatures (others)
  The ghost of Tali the Cleaver, a novice MiFi of Trog (D:6)
1 creature vanquished.

Grand Total: 184 creatures vanquished

Notes
Turn   | Place    | Note
-------+----------+-------------------------------------------
     0 | Abyss:1  | Gargoyl the Centaur Abyssal Knight began the quest for the Orb.
     0 | Abyss:1  | Reached XP level 1. HP: 19/19 MP: 2/2
    70 | Abyss:2  | Found a corrupted altar of Lugonu.
    70 | Abyss:2  | Found a radiant altar of Vehumet.
    92 | Abyss:4  | Found a corrupted altar of Lugonu.
    97 | Abyss:4  | Noticed a red devil
   105 | Abyss:4  | Noticed a red devil
   108 | D:1      | Escaped the Abyss
   200 | D:1      | Reached * piety under Lugonu
   200 | D:1      | Reached XP level 2. HP: 19/26 MP: 3/3
   625 | D:1      | Reached XP level 3. HP: 33/33 MP: 4/4
  1087 | D:2      | Found a glowing golden altar of the Shining One.
  1367 | D:2      | Reached XP level 4. HP: 30/40 MP: 5/5
  1522 | D:2      | Reached ** piety under Lugonu
  1975 | D:2      | Reached skill level 1 in Dodging
  1978 | D:2      | Reached XP level 5. HP: 14/46 MP: 5/7
  3243 | D:3      | Noticed Terence
  3506 | D:3      | Killed Terence
  3506 | D:3      | Reached skill level 3 in Invocations
  3751 | D:3      | Found a blossoming altar of Fedhas.
  3859 | D:3      | Reached XP level 6. HP: 41/52 MP: 8/8
  4389 | D:3      | Noticed Robin
  4415 | D:2      | Killed Robin
  4415 | D:2      | Reached *** piety under Lugonu
  4539 | D:3      | Found an iron altar of Okawaru.
  4643 | D:3      | Noticed Purgy
  4654 | D:3      | Killed Purgy
  4654 | D:3      | Reached skill level 1 in Shields
  5211 | D:4      | Found a sparkling altar of Nemelex Xobeh.
  5329 | D:4      | Found Pues's Antique Weapon Shop.
  5361 | D:4      | Reached XP level 7. HP: 53/60 MP: 9/9
  5622 | D:4      | Found a deep blue altar of Sif Muna.
  5970 | D:4      | Noticed a dagger
  5972 | D:4      | Found a hide-covered altar of Uskayaw.
  5972 | D:4      | Noticed a hand axe
  6127 | D:4      | Reached skill level 5 in Axes
  6127 | D:4      | Reached skill level 5 in Armour
  6127 | D:4      | Reached skill level 7 in Invocations
  6127 | D:4      | Reached XP level 8. HP: 68/70 MP: 9/13
  6310 | D:5      | Entered Level 5 of the Dungeon
  6383 | D:5      | Noticed a hippogriff
  6394 | D:5      | Reached **** piety under Lugonu
  6398 | D:5      | Killed a hippogriff
  6696 | D:5      | Found a staircase to the Ecumenical Temple.
  6750 | D:5      | Found a sparkling altar of Nemelex Xobeh.
  7245 | D:6      | Noticed Tali's ghost (novice MiFi)
  7260 | D:6      | Banished Tali's ghost
  7482 | D:6      | Reached XP level 9. HP: 67/75 MP: 14/14
  7559 | D:6      | Found Zibiheto's Weapon Shop.
  7574 | D:6      | Found an ornate altar of the Wu Jian Council.
  7686 | D:6      | Found Tuudas's General Store.
  7905 | D:6      | Found a shattered altar of Ashenzari.
  8030 | D:6      | Found a burning altar of Makhleb.
  8060 | D:6      | Found Oploet's Armour Shoppe.
  9402 | D:7      | HP: 1/77 [poisoned by an orc wizard]
  9402 | D:7      | Killed from afar by an orc wizard

Skill      XL: |  1  2  3  4  5  6  7  8 |
---------------+-------------------------+-----
Axes           | 2 3 5 |  5.6
Armour         | 2 3 5 6 |  6.4
Dodging        | 1 3 |  3.3
Fighting       | 4 6 |  6.3
Invocations    | 3 7 |  7.6
Shields        | 1 3 |  3.8
Throwing       | 4 |  4.0
Evocations     | 3 |  3.3

Action                   |  1- 3 |  4- 6 |  7- 9 || total
-------------------------+-------+-------+-------++-------
Melee: Hand axe          |    74 |   240 |   299 ||   613
       Kick              |    16 |    47 |    62 ||   125
Throw: Javelin           |       |       |     1 ||     1
Invok: Depart the Abyss  |     1 |       |       ||     1
       Banish            |       |       |     1 ||     1
  Use: Scroll            |     2 |    12 |     2 ||    16
       Potion            |       |       |     1 ||     1
  Eat: Chunk             |       |     8 |     4 ||    12
       Ration            |       |     1 |     2 ||     3
Armor: Chain mail        |    70 |   226 |   142 ||   438
       Plate armour      |       |       |   111 ||   111
Dodge: Dodged            |    10 |    15 |    34 ||    59
Block: Shield            |    24 |   114 |   155 ||   293
